 Dungeon Crawl Stone Soup version 0.31-a0-370-g25055926c8 (webtiles) character file.

Game seed: 9141283282684365503

166 Morbidden the Changeling (level 5, -2/38 HPs)
             Began as a Formicid Shapeshifter on July 29, 2023.
             Slain by a water moccasin zombie (5 damage)
             ... on level 3 of the Dungeon.
             The game lasted 00:02:14 (2736 turns).

Morbidden the Changeling (Formicid Shapeshifter)    Turns: 2736, Time: 00:02:15

Health: -2/38      AC:  3    Str: 25    XL:     5   Next: 76%
Magic:  5/5        EV: 12    Int:  8    God:
Gold:   97         SH:  0    Dex: 16    Spells: 4/4 levels left

rFire   . . .        a - +0 long sword
rCold   . . .        (no shield)
rNeg    . . .        i - +0 leather armour
rPois   .            (helmet unavailable)
rElec   .            (cloak currently unavailable)
rCorr   +            (gloves currently unavailable)
SInv    +            (boots currently unavailable)
Will    .....        (no amulet)
Stlth   +            n - ring of resist corrosion
HPRegen 0.26/turn    q - +6 ring of strength
MPRegen 0.09/turn

%: no passive effects
@: beast-form
A: beast (slay +2), permanent stasis, dig shafts and tunnels, antennae 3, four
strong arms
a: Dig, Shaft Self, Begin Untransformation


You were on level 3 of the Dungeon.
You were a hulking beast.
You visited 1 branch of the dungeon, and saw 3 of its levels.

You collected 97 gold pieces.

Inventory:

Hand Weapons
 a - a +0 long sword (weapon)
 b - a +0 sling
Armour
 i - a +0 leather armour (worn)
Jewellery
 n - a ring of resist corrosion (left hand)
 q - a +6 ring of strength (right hand)
Talismans
 c - a beast talisman
Scrolls
 e - a scroll of butterflies {unknown}
 g - a scroll of immolation {unknown}
 h - a scroll of revelation {unknown}
 k - 2 scrolls of teleportation {unknown}
 m - a scroll of fear {unknown}
Potions
 d - a potion of lignification
 f - a potion of might {unknown}
 j - 2 potions of attraction {unknown}
 l - a potion of haste {unknown}
 o - 2 potions of magic {unknown}
 p - a potion of degeneration {unknown}
 r - a potion of enlightenment {unknown}


   Skills:
 * Level 1.9 Fighting
 + Level 0.3(0.6) Short Blades
 * Level 0.8(0.9) Long Blades
 * Level 2.7 Ranged Weapons
 + Level 0.6 Armour
 * Level 2.7 Dodging
 + Level 3.2 Unarmed Combat
 * Level 3.9 Shapeshifting


You had 4 spell levels left.
You didn't know any spells.
Your spell library contained the following spells:

 Spells                   Type           Power      Damage    Failure   Level
 Magic Dart               Conj           0%         1d3       45%         1
 Searing Ray              Conj           0%         2d4       58%         2
 Fulminant Prism          Conj/Hex       0%         3d5       99%         4


Dungeon Overview and Level Annotations

Branches:
Dungeon (3/15)

Altars:
Elyvilon


Innate Abilities, Weirdness & Mutations

You are a hulking beast.
Your limbs bulge with bestial killing power. (Slay +2)
You cannot be hasted, slowed, berserked, paralysed or teleported.
You can dig through walls and to a lower floor.
You have a pair of large antennae on your head. (SInv)
Your four strong arms can wield two-handed weapons with a shield.


Message History

You shoot a sling bullet.
The sling bullet hits the water moccasin zombie.
The water moccasin zombie is lightly damaged.
The water moccasin zombie bites you. x2
You shoot a sling bullet.
The sling bullet closely misses the water moccasin zombie.
The water moccasin zombie bites you but does no damage.
a - a +0 long sword (weapon)
The water moccasin zombie bites you.
Unknown command.
You hit the water moccasin zombie.
The water moccasin zombie is lightly damaged.
You hit the quokka.
You kill the quokka!
The water moccasin zombie bites you.
Unknown command.
You are too injured to fight recklessly!
Unknown command.
You are too injured to fight recklessly!
Unknown command.
You are too injured to fight recklessly!
Unknown command.
You are too injured to fight recklessly!
Unknown command.
You are too injured to fight recklessly!
Unknown command.
You slash the water moccasin zombie!
The water moccasin zombie is moderately damaged.
The water moccasin zombie bites you.
You closely miss the water moccasin zombie.
The water moccasin zombie is moderately damaged.
The water moccasin zombie bites you. x2
* * * LOW HITPOINT WARNING * * *
Unknown command.
You barely miss the water moccasin zombie.
The water moccasin zombie is moderately damaged.
The water moccasin zombie bites you.
* * * LOW HITPOINT WARNING * * *
The water moccasin zombie bites you.
You die...

###...#
......###############
..............#.....#
..............#.....#
..............#.....#
..............#.....#
....#.........#.....#
....#.........#.....#
..............#.h...#
........##...#..#Z###
#.......####...##.#
#.###...# #...# .#
#.# .... ##...,.# #.#
......##... 8. #.#
.............. #.#
#..............
..###.............


You could see a water moccasin zombie.

Vanquished Creatures
  2 scorpion zombies (D:3)
  A hound skeleton (D:3)
  2 adders
  2 worms (D:2)
  3 dart slugs (D:1)
  An orc (D:3)
  9 endoplasms
  2 giant cockroaches (D:1)
  3 goblins
  7 hobgoblins
  4 quokkas
  6 ball pythons
  9 bats
  5 frilled lizards (D:2)
  5 kobolds
  8 rats
69 creatures vanquished.

Notes
Turn   | Place    | Note
-------+----------+-------------------------------------------
     0 | D:1      | Morbidden the Formicid Shapeshifter began the quest for the
                  | Orb.
     0 | D:1      | Reached XP level 1. HP: 15/15 MP: 1/1
    38 | D:1      | Reached XP level 2. HP: 21/21 MP: 2/2
   461 | D:1      | Reached XP level 3. HP: 13/26 MP: 3/3
   754 | D:1      | Reached skill level 1 in Ranged Weapons
  1194 | D:2      | Reached XP level 4. HP: 32/32 MP: 4/4
  2317 | D:3      | Found a white marble altar of Elyvilon.
  2385 | D:3      | Reached XP level 5. HP: 38/38 MP: 5/5
  2736 | D:3      | Slain by a water moccasin zombie

Illustrated notes

Levels and vault maps discovered:
D:1:      sevenhm_arrival_forest_fort_large_4, layout_rooms, minmay_door_square
D:2:      wad_river_or_something, layout_loops_corners, roderic_serpentine_path
D:3:      layout_rooms, lemuel_round_altar, serial_undead, serial_undead_c,
          serial_undead_e, serial_undead_a, serial_undead_c,
          chequers_serial_rivers_large_a, minmay_bisected

Skill      XL: |  1  2  3  4 |
---------------+-------------+-----
Dodging        | 2 |  2.7
Ranged Weapons | 1 2 |  2.7
Fighting       | |  1.9
Short Blades   | |  0.3
Long Blades    | |  0.8
Armour         | |  0.6
Unarmed Combat | |  3.2
Shapeshifting  | |  3.9

Action                     |  1- 3 |  4- 6 || total
---------------------------+-------+-------++-------
  Melee: Unarmed           |     4 |       ||     4
         Short sword       |    23 |       ||    23
         Dagger            |     4 |       ||     4
         Punch             |     2 |     2 ||     4
         Long sword        |       |    26 ||    26
   Fire: Sling             |    63 |    95 ||   158
 Armour: Animal skin       |     4 |       ||     4
         Leather armour    |    10 |    18 ||    28
  Dodge: Dodged            |    37 |    48 ||    85

Table legend: (Time is in decaauts)
 A = Elapsed time spent in this place.
 B = Non-inter-level travel time spent in this place.
 C = Inter-level travel time spent in this place.
 D = Time resting spent in this place.
 E = Time spent auto-exploring this place.
 F = Levels seen in this place.
 G = Mean time per level.
                   A        B        C        D        E       F      G
               +--------+--------+--------+--------+--------+-----+--------+
         Total |   2798 |   2664 |    134 |    542 |   1648 |   3 |  932.7 |
       Dungeon |   2798 |   2664 |    134 |    542 |   1648 |   3 |  932.7 |
               +--------+--------+--------+--------+--------+-----+--------+

Top non-repeatable levels by time:
     D:2: 1183 daAuts
     D:1: 1154 daAuts
     D:3: 460 daAuts
